 Dungeon Crawl Stone Soup version 0.25-a0-317-g5f8687bca5 (webtiles) character file.

Game seed: 3400735071611520319, levelgen mode: classic

2116 Borgoz the Covered (level 9, -7/57 HPs)
             Began as a Gargoyle Fighter on Dec 25, 2019.
             Killed from afar by Blork the orc (9 damage)
             ... with a puff of flame
             ... on level 6 of the Dungeon.
             The game lasted 00:08:27 (4902 turns).

Borgoz the Covered (Gargoyle Fighter)               Turns: 4902, Time: 00:08:28

Health: -7/57      AC: 14    Str: 20    XL:     9   Next: 29%
Magic:  9/9        EV:  9    Int:  9    God:
Gold:   343        SH: 10    Dex: 12    Spells: 8/8 levels left

rFire    . . .     SeeInvis .   a - +0 long sword
rCold    . . .     Gourm    .   c - +0 shield
rNeg     + . .     Faith    .   b - +0 scale mail
rPois    ∞         Spirit   .   (no helmet)
rElec    +         Reflect  .   (no cloak)
rCorr    .         Harm     +   (no gloves)
MR       .....                  m - +1 pair of boots
Stlth    ..........             i - amulet of harm
HPRegen  0.19/turn              s - -2 ring of protection (curse)
MPRegen  0.11/turn              (no ring)

@: no status effects
A: negative energy resistance 1, electricity resistance, unbreathing,
petrification resistance, rot immunity, AC +6
a: no special abilities


You were on level 6 of the Dungeon.
You were not hungry.

You visited 1 branch of the dungeon, and saw 6 of its levels.

You collected 343 gold pieces.

Inventory:

Hand Weapons
 a - a +0 long sword (weapon)
Missiles
 k - a throwing net (quivered)
Armour
 b - a +0 scale mail (worn)
 c - a +0 shield (worn)
 m - a +1 pair of boots (worn)
Jewellery
 i - an amulet of harm (around neck)
 s - a cursed -2 ring of protection (left hand)
Wands
 u - a wand of random effects (16)
Scrolls
 d - 3 scrolls of remove curse {unknown}
 n - a scroll of fog {unknown}
 q - 4 scrolls of teleportation {unknown}
 v - a scroll of enchant armour
Potions
 e - a potion of lignification
 g - 5 potions of haste
 j - a potion of resistance
 p - a potion of mutation
 r - 2 potions of curing
Comestibles
 f - 18 rations
 h - a chunk of flesh


   Skills:
 * Level 7.4 Fighting
 * Level 5.9 Long Blades
 * Level 7.6 Armour
 + Level 3.2 Dodging
 - Level 5.0 Shields


You had 8 spell levels left.
You didn't know any spells.
Your spell library contained the following spells:

 Spells                   Type           Power        Failure   Level  Hunger
 Confusing Touch          Hex            #.....       98%         1    ##.....
 Confuse                  Hex            #.......     100%        3    ####...
 Gell's Gravitas          Tloc           #.........   100%        3    ####...
 Petrify                  Tmut/Erth      #.......     100%        4    #####..
 Metabolic Englaciation   Hex/Ice        #.........   100%        5    ######.
 Yara's Violent Unravell  Hex/Tmut       #.........   100%        5    ######.


Dungeon Overview and Level Annotations

Branches:
Dungeon (6/15)             Temple (0/1) D:6

Altars:
Kikubaaqudgha
Okawaru
Ru
Uskayaw
Xom

Shops:
D:5 =(

Annotations:
D:6 Blork the orc


Innate Abilities, Weirdness & Mutations

You are resistant to torment.
Your stone body is resilient. (AC +6)
You are immune to poison.
You resist negative energy. (rN+)
You are resistant to electric shocks. (rElec)
You can survive without breathing.
You are immune to petrification.
You are immune to rotting.


Message History

An adder comes into view.
The adder hisses angrily.
Blork the orc casts a spell at you. The magic dart hits you.
* * * LOW HITPOINT WARNING * * *
Blork the orc zaps a wand.
The puff of flame hits you!
* * * LOW HITPOINT WARNING * * *
You slash Blork the orc!
Blork the orc is moderately wounded.
Blork the orc points at you and mumbles some strange words.
The magic dart hits you but does no damage.
You hit Blork the orc.
Blork the orc is heavily wounded.
Blork the orc casts a cantrip, but nothing happens.
Blork the orc looks braver for a moment.
Your shield and scale mail prevent you from hitting Blork the orc.
Blork the orc is heavily wounded.
The adder bites you but does no damage. You block the adder's attack.
Blork the orc zaps a wand.
The puff of flame hits you!
You die...

.# . . #..#.).
.>..⌠. ....
........##.. ....
.#. ....... #.# #
#.....###.# ⌠.
.## .#.........#
... ..#
...........# ...
..#.
........|..##...
....
......o......#...
....
......S@.........
....
##.........#.....
.##.
.#...####....#
....
.......#....##
....
...#.#...#### ##.
.........# ###.
.........# #.....
........## .....#
.........## ##


You could see Blork the orc and an adder.

Vanquished Creatures
  Sigmund (D:6)
  Eustachio (D:6)
  An ice beast (D:5)
  An orc warrior (D:6)
  2 ogres
  A centaur (D:6)
  2 bullfrogs (D:6)
  2 scorpions
  A howler monkey (D:5)
  3 hounds
  3 bullfrog zombies (D:5)
  2 jellies
  6 orc priests
  A centaur skeleton (D:4)
  5 orc wizards
  Natasha (thrice) (D:3)
  Terence (D:2)
  2 iguanas
  6 worker ants
  A hound skeleton (D:4)
  A worker ant zombie (D:5)
  9 adders
  2 oozes
  2 worms
  A dart slug (D:2)
  2 leopard geckos
  18 orcs
  2 giant cockroaches (D:4)
  9 goblins
  4 hobgoblins
  18 jackals
  2 quokkas (D:4)
  A ball python (D:6)
  10 bats
  4 frilled lizards
  3 kobolds
  2 quokka skeletons
  7 rats
142 creatures vanquished.

Notes
Turn   | Place    | Note
-------+----------+-------------------------------------------
     0 | D:1      | Borgoz the Gargoyle Fighter began the quest for the Orb.
     0 | D:1      | Reached XP level 1. HP: 14/14 MP: 1/1
    87 | D:1      | Reached XP level 2. HP: 17/19 MP: 2/2
   479 | D:1      | Reached XP level 3. HP: 23/24 MP: 3/3
   730 | D:2      | Found an iron altar of Okawaru.
   862 | D:2      | Noticed Terence
   872 | D:2      | Killed Terence
   872 | D:2      | Reached XP level 4. HP: 29/29 MP: 4/4
  1285 | D:2      | Found a shimmering altar of Xom.
  1407 | D:2      | Found a sacrificial altar of Ru.
  1457 | D:3      | Noticed Natasha
  1464 | D:3      | Killed Natasha
  1469 | D:3      | Noticed Natasha
  1476 | D:3      | Killed Natasha
  1476 | D:3      | Reached skill level 1 in Dodging
  1476 | D:3      | Reached XP level 5. HP: 21/33 MP: 5/5
  1830 | D:3      | Found a hide-covered altar of Uskayaw.
  1890 | D:3      | Noticed Natasha
  1897 | D:3      | Killed Natasha
  1968 | D:3      | Found an ancient bone altar of Kikubaaqudgha.
  2055 | D:3      | Reached XP level 6. HP: 38/39 MP: 6/6
  2416 | D:4      | Reached skill level 5 in Armour
  2593 | D:4      | Reached skill level 5 in Fighting
  2593 | D:4      | Reached XP level 7. HP: 44/44 MP: 7/7
  3483 | D:5      | Entered Level 5 of the Dungeon
  3568 | D:5      | Reached XP level 8. HP: 40/51 MP: 8/8
  4191 | D:5      | Found Aduly's Jewellery Shoppe.
  4196 | D:5      | Found Defilax's Weapon Shop.
  4505 | D:6      | Noticed Eustachio
  4517 | D:6      | Reached skill level 5 in Long Blades
  4517 | D:6      | Reached skill level 5 in Shields
  4525 | D:6      | Found a staircase to the Ecumenical Temple.
  4534 | D:6      | Killed Eustachio
  4692 | D:6      | Noticed Sigmund
  4707 | D:6      | Killed Sigmund
  4713 | D:6      | Reached XP level 9. HP: 38/56 MP: 9/9
  4896 | D:6      | Noticed Blork the orc
  4899 | D:6      | HP: 1/57 [Blork the orc/puff of flame (8)]
  4902 | D:6      | Killed from afar by Blork the orc

Levels and vault maps discovered:
D:1:      minmay_arrival_hallway, layout_loops_cross
D:2:      layout_loops_ring, kennysheep_okawaru_gauntlet,
          nicolae_overflow_hidden_temple, marbit_many_paths,
          minmay_heptomino_o4, uniq_terence
D:3:      layout_loops_ring, eat_drink_and_be_merry_uskayaw,
          kiku_gazebo_pond_becter, corexii_corridor_pit, uniq_natasha
D:4:      layout_basic, first_ration
D:5:      layout_basic, serial_shops, nicolae_shop_stone, kennysheep_mini
D:6:      layout_cave_pools, lemuel_round_altar, grunt_temple_overflow_diamond,
          minmay_temple_entry_junction, gup_sewer_entry_bowl, uniq_sigmund,
          uniq_crazy_yiuf_cottage, uniq_eustachio, uniq_blork_the_orc

Skill      XL: |  1  2  3  4  5  6  7  8  9 |
---------------+----------------------------+-----
Long Blades    | 2 3 4 5 |  5.9
Armour         | 4 5 7 |  7.6
Fighting       | 4 5 6 7 |  7.4
Dodging        | 1 2 3 |  3.2
Shields        | 4 5 |  5.0

Action                   |  1- 3 |  4- 6 |  7- 9 || total
-------------------------+-------+-------+-------++-------
Melee: Long sword        |   110 |   193 |   327 ||   630
  Use: Potion            |       |     1 |     6 ||     7
       Scroll            |       |       |     9 ||     9
 Stab: Invisible         |       |       |     1 ||     1
  Eat: Chunk             |       |     6 |     8 ||    14
Armor: Scale mail        |   104 |   126 |   236 ||   466
       Skin              |       |     7 |       ||     7
Dodge: Dodged            |    43 |    57 |   216 ||   316
Block: Shield            |    83 |    93 |   262 ||   438
       Rpst.: Long sword |    16 |    20 |    62 ||    98

Table legend:
 A = Non-vault XP
 B = Vault XP
 C = Vault XP percentage of total XP
 D = Non-vault monster count
 E = Vault monster count
 F = Vault count percentage of total count
                 A         B        C        D         E       F
            +---------+---------+-------+---------+---------+-------
      Total |    2511 |     512 |  16.9 |     134 |       8 |   5.6
            +---------+---------+-------+---------+---------+-------
        D:1 |      36 |       0 |   0.0 |      20 |       0 |   0.0
        D:2 |      40 |      47 |  54.0 |      18 |       5 |  21.7
        D:3 |     300 |      36 |  10.7 |      28 |       1 |   3.4
        D:4 |     572 |       0 |   0.0 |      24 |       0 |   0.0
        D:5 |     798 |       0 |   0.0 |      32 |       0 |   0.0
        D:6 |     765 |     429 |  35.9 |      12 |       2 |  14.3
            +---------+---------+-------+---------+---------+-------
